 Dungeon Crawl Stone Soup version 0.29-a0-91-gdebf4667c2 (webtiles) character file.

Game seed: 1723349665323131562

14 lunkers the Insei (level 2, 0/21 HPs)
             Began as a Merfolk Transmuter on Feb 8, 2022.
             Succumbed to an adder's poison
             ... on level 2 of the Dungeon.
             The game lasted 00:01:17 (873 turns).

lunkers the Insei (Merfolk Transmuter)               Turns: 873, Time: 00:01:18

Health: 0/21       AC:  2    Str: 10    XL:     2   Next: 45%
Magic:  4/5        EV: 12    Int: 12    God:
Gold:   45         SH:  0    Dex: 14    Spells: 4/5 levels left

rFire   . . .      SeeInvis .     - Unarmed
rCold   . . .      Faith    .   (no shield)
rNeg    . . .      Spirit   .   a - +0 robe
rPois   .          Reflect  .   (no helmet)
rElec   .          Harm     .   (no cloak)
rCorr   .          Rampage  .   (no gloves)
Will    .....                   (no boots)
Stlth   +.........              (no amulet)
HPRegen 0.07/turn               (no ring)
MPRegen 0.09/turn               (no ring)

@: lethally poisoned (0 -> -2), attractive, hasted, very quick
A: (nimble swimmer 2), mertail
a: no special abilities


You were on level 2 of the Dungeon.
You visited 1 branch of the dungeon, and saw 2 of its levels.

You collected 45 gold pieces.

Inventory:

Armour
 a - a +0 robe (worn)
Jewellery
 e - a ring of resist corrosion
Scrolls
 b - 2 scrolls of noise {unknown}
 c - a scroll of enchant armour {unknown}
 f - a scroll of fear {unknown}
 h - a scroll of teleportation {unknown}


   Skills:
 - Level 1.1 Fighting
 - Level 2.6 Dodging
 * Level 3.9 Unarmed Combat
 - Level 2.0 Spellcasting
 + Level 3.2 Transmutations


You had 4 spell levels left.
You knew the following spells:

 Your Spells              Type           Power      Damage    Failure   Level
p - Beastly Appendage     Tmut           16%        N/A       8%          1

Your spell library contained the following spells:

 Spells                   Type           Power      Damage    Failure   Level
 Wereblood                Tmut           8%         N/A       11%         2
 Spider Form              Tmut/Pois      5%         N/A       38%         3
 Ice Form                 Ice/Tmut       5%         N/A       80%         4


Dungeon Overview and Level Annotations

Branches:
Dungeon (2/15)

Altars:


Innate Abilities, Weirdness & Mutations

((You are very nimble when in or above water. (Stealth+, EV+, Speed+++)))
Your lower body shifts to a powerful aquatic tail in water.


Message History

You completely miss the adder.
You headbutt the adder, but do no damage.
Your transformation is almost over.
The adder closely misses you.
You closely miss the adder. The adder completely misses you.
You hit the adder. Your headbutt misses the adder.
The adder is moderately wounded.
The adder bites you.
You are poisoned.
The adder poisons you!
You hit the adder.
The adder is heavily wounded.
You feel sick. The adder bites you.
You hit the adder.
The adder is almost dead.
You feel sick. The adder bites you.
* * * LOW HITPOINT WARNING * * *
You are lethally poisoned!
The adder poisons you!
You hit the adder.
You kill the adder!
* * * LOW HITPOINT WARNING * * *
You feel sick.
Your Transmutations skill increases to level 3!
You have reached level 2!
It was a potion of haste.
You feel yourself speed up.
* * * LOW HITPOINT WARNING * * *
You feel sick.
It was a potion of attraction.
You feel attractive to monsters.
* * * LOW HITPOINT WARNING * * *
You feel sick.
* * * LOW HITPOINT WARNING * * *
You feel sick.
* * * LOW HITPOINT WARNING * * *
You feel sick.
* * * LOW HITPOINT WARNING * * *
You feel sick.
Your horns disappear.
You die...

##. ####### ..
#..<.†#
#.####.#.#.#
#####.#@##.#.#.#
#.......##.#...#
#.###.#.##.#.#####
#.............
#...[.........
#..###........
#..# #.#######
#!.# ... .... #.##


There were no monsters in sight!

Vanquished Creatures
  An adder (D:2)
  A ball python (D:1)
  A hobgoblin (D:1)
  A bat (D:2)
  A frilled lizard (D:1)
  A goblin (D:1)
  A kobold (D:1)
7 creatures vanquished.

Notes
Turn   | Place    | Note
-------+----------+-------------------------------------------
     0 | D:1      | lunkers the Merfolk Transmuter began the quest for the Orb.
     0 | D:1      | Reached XP level 1. HP: 15/15 MP: 3/3
   501 | D:1      | Found a faded altar of an unknown god.
   866 | D:2      | Reached XP level 2. HP: 7/21 MP: 3/5
   871 | D:2      | HP: 1/21 [poisoned by an adder]
   873 | D:2      | Succumbed to an adder's poison

Illustrated notes

Levels and vault maps discovered:
D:1:      heliophobic_arrival_battle_scene, layout_loops_ring,
          hellmonk_ecumenical_altar_blasted, minmay_hedge_maze,
          amethyst_killhole
D:2:      layout_basic, serial_shops, shop, uniq_sigmund

Skill      XL: |  1 |
---------------+----+-----
Transmutations | 3 |  3.2
Fighting       | |  1.1
Dodging        | |  2.6
Unarmed Combat | |  3.9
Spellcasting   | |  2.0

Action                   || total
-------------------------++-------
Melee: Unarmed           ||    24
       Headbutt          ||     5
       Punch             ||     1
 Cast: Beastly Appendage ||     7
  Use: Potion            ||     2
Armor: Robe              ||     4
Dodge: Dodged            ||    12

Table legend: (Time is in decaauts)
 A = Elapsed time spent in this place.
 B = Non-inter-level travel time spent in this place.
 C = Inter-level travel time spent in this place.
 D = Time resting spent in this place.
 E = Time spent auto-exploring this place.
 F = Levels seen in this place.
 G = Mean time per level.
                   A        B        C        D        E       F      G
               +--------+--------+--------+--------+--------+-----+--------+
         Total |    869 |    849 |     20 |      0 |    779 |   2 |  434.5 |
       Dungeon |    869 |    849 |     20 |      0 |    779 |   2 |  434.5 |
               +--------+--------+--------+--------+--------+-----+--------+

Top non-repeatable levels by time:
     D:1: 829 daAuts
     D:2: 40 daAuts
